 Dungeon Crawl Stone Soup version 0.21.1-1-g345015f (webtiles) character file.

5 shakethe the Grave Robber (level 1, 0/14 HPs)
             Began as a Demonspawn Necromancer on Feb 19, 2018.
             Slain by a bat (1 damage)
             ... on level 1 of the Dungeon.
             The game lasted 00:00:57 (265 turns).

shakethe the Grave Robber (Demonspawn Necromancer)   Turns: 265, Time: 00:00:58

Health: 0/14       AC:  2    Str:  8    XL:     1   Next: 66%
Magic:  3/3        EV: 12    Int: 16    God:
Gold:   19         SH:  0    Dex: 13    Spells: 3/4 levels left

rFire    . . .     SeeInvis .   d - +0 dagger
rCold    . . .     Gourm    .   (no shield)
rNeg     . . .     Faith    .   a - +0 robe
rPois    .         Spirit   .   (no helmet)
rElec    .         Reflect  .   (no cloak)
rCorr    .         Harm     .   (no gloves)
MR       .....                  (no boots)
Stlth    ++........             (no amulet)
HPRegen  0.04/turn              (no ring)
MPRegen  0.08/turn              (no ring)

@: no status effects
A: no striking features
a: no special abilities


You were on level 1 of the Dungeon.
You were not hungry.

You visited 1 branch of the dungeon, and saw 1 of its levels.

You collected 19 gold pieces.

Inventory:

Hand Weapons
 d - a +0 dagger (weapon)
   (You took it off a kobold on level 1 of the Dungeon)
Armour
 a - a +0 robe (worn)
Scrolls
 e - a scroll of remove curse {unknown}
Books
 b - a book of Necromancy
Comestibles
 c - a ration


   Skills:
 + Level 0.5 Fighting
 - Level 1.7 Dodging
 - Level 1.7 Stealth
 + Level 2.1 Spellcasting
 + Level 4.5 Necromancy


You had 3 spell levels left.
You knew the following spells:

 Your Spells              Type           Power        Failure   Level  Hunger
a - Pain                  Necr           ###.         3%          1    #......


Dungeon Overview and Level Annotations

Branches:
Dungeon (1/15)

Altars:


Message History

d - a +0 dagger (weapon)
You start resting.
Health restored: 14; MP restored: 3 You butcher the ball python corpse.
f - 3 chunks of flesh {@w0@w0} You see here a ball python skeleton. x2
You see here a dagger.
A rat comes into view.
Found a stone staircase leading down.
You see here 10 gold pieces.
Aim: a rat (chance to defeat MR: 87%)
The rat writhes in agony!
You take 1 damage, and have 13/14 hp.
You now have 2/3 mp.
Aim: a rat (heavily wounded, chance to defeat MR: 87%)
The rat writhes in agony!
You kill the rat!
You take 1 damage, and have 12/14 hp.
You now have 1/3 mp.
You start resting.
Health restored: 14; MP restored: 3 You now have 10 gold pieces.
e - a scroll labeled DOUPLIOLIN You now have 19 gold pieces (gained 9). 2 hobgoblins come into view.
The hobgoblin shouts!
A rat comes into view.
There is an open door here.
You see here a stone.
Aim: a hobgoblin, wielding a club (chance to defeat MR: 87%)
The hobgoblin writhes in agony!
You take 1 damage, and have 13/14 hp.
You now have 2/3 mp.
Aim: a hobgoblin, wielding a club (lightly wounded, chance to defeat MR: 87%)
The hobgoblin writhes in agony!
You take 1 damage, and have 12/14 hp.
You now have 1/3 mp.
Aim: a hobgoblin, wielding a club (severely wounded, chance to defeat MR: 87%)
The hobgoblin barely resists.
You take 1 damage, and have 11/14 hp.
You now have 0/3 mp.
You don't have enough magic to cast that spell.
The hobgoblin hits you with a club.
You take 2 damage, and have 9/14 hp.
The hobgoblin hits you with a club.
You take 2 damage, and have 8/14 hp.
The hobgoblin hits you with a club.
The hobgoblin hits you but does no damage.
You take 3 damage, and have 5/14 hp.
MASSIVE DAMAGE!!
You open the door.
A dart slug comes into view.
The hobgoblin hits you but does no damage.
The hobgoblin misses you. 2 bats come into view.
Found a stone staircase leading down.
There is an open door here. 2 goblins come into view.
The bat completely misses you.
You hit the rat but do no damage. The bat hits you but does no damage.
The hobgoblin hits you but does no damage.
The bat hits you but does no damage. The rat barely misses you.
The bat closely misses you. The rat bites you but does no damage.
The bat barely misses you. The bat misses you. The bat closely misses you.
The bat barely misses you. The dart slug launches a dart at you.
The slug dart hits you!
* * * LOW HITPOINT WARNING * * *
You take 1 damage, and have 4/14 hp.
The bat misses you. The bat hits you but does no damage.
The bat closely misses you.
All of the chunks of flesh in your inventory have rotted away.
The bat hits you but does no damage. The bat hits you.
* * * LOW HITPOINT WARNING * * *
The bat misses you. The bat hits you.
* * * LOW HITPOINT WARNING * * *
The bat hits you but does no damage.
You take 2 damage, and have 2/14 hp.
The bat hits you but does no damage. The bat barely misses you.
The rat twitches its whiskers.
The bat hits you but does no damage. The bat hits you but does no damage.
The rat twitches its whiskers.
The bat hits you but does no damage.
MP restored: 3 The bat closely misses you.
The bat hits you but does no damage. The bat closely misses you.
The bat barely misses you. The bat barely misses you.
The bat hits you but does no damage. The bat hits you.
* * * LOW HITPOINT WARNING * * *
You take 1 damage, and have 2/14 hp.
The bat misses you.
A kobold comes into view.
The bat hits you.
* * * LOW HITPOINT WARNING * * *
The bat misses you. The rat closely misses you.
You take 1 damage, and have 1/14 hp.
The bat hits you.
You die...

###### #... #.
...............##...
#.##...................
............# #....
#.........########.).
.#.##........#.... ##...
...#............####....
#........r....(..##.....
#......@b.gg............
##.................>....
#......................
#........>.......##....
#.....$................
#................##....
#....K.................
.......................
.............######....


You could see 2 hobgoblins, a bat, a kobold and a rat.

Vanquished Creatures
  A hobgoblin (D:1)
  A ball python (D:1)
  2 kobolds (D:1)
  2 rats (D:1)
6 creatures vanquished.

Notes
Turn   | Place    | Note
-------+----------+-------------------------------------------
     0 | D:1      | shakethe the Demonspawn Necromancer began the quest for the Orb.
     0 | D:1      | Reached XP level 1. HP: 13/13 MP: 3/3
   249 | D:1      | HP: 3/14 [bat (1)]
   262 | D:1      | HP: 2/14 [bat (1)]
   265 | D:1      | Slain by a bat

Action                   || total
-------------------------++-------
Melee: Dagger            ||     1
 Cast: Pain              ||    10
Armor: Robe              ||    15
Dodge: Dodged            ||    21

Vault maps used:
D:1:      evilmike_arrival_plus

Table legend:
 A = Turns spent in this place as a percentage of turns spent in the entire game.
 B = Non-inter-level travel turns spent in this place as a percentage of non-inter-level travel turns spent in the entire game.
 C = Inter-level travel turns spent in this place as a percentage of turns spent in this place.
 D = Turns resting spent in this place as a percentage of non-inter-level travel turns spent in this place.
 E = Turns spent auto-exploring this place as a percentage of non-inter-level travel turns spent in this place.
 F = Non-inter-level travel turns spent in this place divided by the number of levels of this place that you've seen.
                   A       B       C       D       E      F
               +-------+-------+-------+-------+-------+----------------------
         Total | 100.0 | 100.0 |   0.0 |  40.0 |  13.6 | 265.0
       Dungeon | 100.0 | 100.0 |   0.0 |  40.0 |  13.6 | 265.0
               +-------+-------+-------+-------+-------+----------------------

Table legend:
 A = Kills in this place as a percentage of kills in entire the game.
 B = Kills by you in this place as a percentage of kills by you in the entire game.
 C = Kills by friends in this place as a percentage of kills by friends in the entire game.
 D = Other kills in this place as a percentage of other kills in the entire game.
 E = Experience gained in this place as a percentage of experience gained in the entire game.
 F = Experience gained in this place divided by the number of levels of this place that you have seen.
                   A       B       C       D       E      F
               +-------+-------+-------+-------+-------+----------------------
         Total | 100.0 | 100.0 |   N/A |   N/A | 100.0 |   8.0
       Dungeon | 100.0 | 100.0 |   N/A |   N/A | 100.0 |   8.0
               +-------+-------+-------+-------+-------+----------------------
